 Dungeon Crawl Stone Soup version 0.29-a0-330-g52719c12eb (webtiles) character file.

Game seed: 11314582075712617287

9067 kae the Arsonist (level 11, 0/72 HPs)
             Began as a Tengu Fire Elementalist on Apr 14, 2022.
             Was a Priest of Ashenzari.
             Succumbed to a cane toad's poison
             ... on level 1 of the Lair of Beasts.
             The game lasted 00:12:13 (18968 turns).

kae the Arsonist (Tengu Fire Elementalist)         Turns: 18968, Time: 00:12:13

Health: 0/72       AC:  6    Str: 18    XL:     11   Next: 40%
Magic:  0/25       EV: 20    Int: 22    God:    Ashenzari [***...]
Gold:   522        SH:  0    Dex: 14    Spells: 10/28 levels left

rFire   + . .      SeeInvis +   g - +2 short sword of the Tethered Chagrin {venom, Self, Cun} (curse)
rCold   + . .      Faith    .   (no shield)
rNeg    + . .      Spirit   +   G - +2 robe of the Gnostic Omission {rC+ Str+3, Elem, Melee} (curse)
rPois   .          Reflect  .   (helmet restricted)
rElec   .          Harm     .   r - +1 cloak "Behold Eternity" {Self, Bglg} (curse)
rCorr   .          Rampage  .   (no gloves)
Will    .....      Clarity  +   (boots unavailable)
Stlth   ++........              p - amulet of Desmomancy {Spirit, Elem, Range} (curse)
HPRegen 0.22/turn               f - ring of protection from fire
MPRegen 0.19/turn               o - ring "Ennui of Ashenzari" {rN+ Str+6 SInv, Fort, Evo} (curse)

@: lethally poisoned (0 -> -7), flying quickly and evasively, quick
A: beak, talons 3, nimble flight, clever 1
a: Renounce Religion, Shatter the Chains


You were on level 1 of the Lair of Beasts.
You worshipped Ashenzari.
Ashenzari was most pleased with you.
You visited 3 branches of the dungeon, and saw 12 of its levels.
You also visited: Sewer.

You collected 522 gold pieces.

Inventory:

Hand Weapons
 c - a +1 spectral short sword
 g - the cursed +2 short sword of the Tethered Chagrin (weapon) {venom, Self, Cun}
   (You took it off a kobold on level 1 of the Dungeon)

   It poisons the flesh of those it strikes.
   It has a curse which improves the following skills: Introspection: Fighting
   and Spellcasting.
   Cunning:   Dodging and Stealth.
Armour
 a - a +0 robe
 r - the cursed +1 cloak "Behold Eternity" (worn) {Self, Bglg}
   (You found it on level 3 of the Dungeon)

   It has a curse which improves the following skills: Introspection: Fighting
   and Spellcasting.
   Beguiling: Conjurations, Hexes and Translocations.
 G - the cursed +2 robe of the Gnostic Omission (worn) {rC+ Str+3, Elem, Melee}
   (You found it on level 8 of the Dungeon)

   Str:       It affects your strength (+3).
   rC:        It protects you from cold.
   It has a curse which improves the following skills: Elements: Fire Magic, Ice
   Magic, Air Magic and Earth Magic.
   Melee Combat: Short Blades, Long Blades, Axes, Maces & Flails, Polearms,
   Staves and Unarmed Combat.
Magical Staves
 q - a staff of poison
Jewellery
 f - a ring of protection from fire (left hand)
 k - a ring of see invisible
 o - the cursed ring "Ennui of Ashenzari" (right hand) {rN+ Str+6 SInv, Fort, Evo}
   (You found it on level 5 of the Dungeon)

   [ring of strength]

   Str:       It affects your strength (+6).
   rN:        It protects you from negative energy.
   SInv:      It lets you see invisible.
   It has a curse which improves the following skills: Fortitude: Armour and
   Shields.
   Evocations: Evocations.
 p - the cursed amulet of Desmomancy (around neck) {Spirit, Elem, Range}
   (You found it on level 2 of the Dungeon)

   [amulet of guardian spirit]

   It causes incoming damage to be divided between your reserves of health and
   magic.
   It has a curse which improves the following skills: Elements: Fire Magic, Ice
   Magic, Air Magic and Earth Magic.
   Ranged Combat: Slings, Bows, Crossbows and Throwing.
 E - a ring of poison resistance
 I - an amulet of regeneration
 J - a ring of wizardry
Wands
 l - a wand of charming (13)
 B - a wand of mindburst (20)
 C - a wand of acid (9)
 D - a wand of flame (21)
Scrolls
 d - a scroll of enchant armour
 e - 2 scrolls of immolation
 n - a scroll of brand weapon
 s - a scroll of magic mapping
 u - 5 scrolls of identify
 w - 2 scrolls of teleportation
 x - a scroll of fear
 y - 3 scrolls of enchant weapon
 A - 2 scrolls of vulnerability
 F - a scroll of holy word
 H - a scroll of amnesia
Potions
 b - 2 potions of heal wounds
 h - 2 potions of flight
 i - 2 potions of attraction
 j - 3 potions of haste
 m - 4 potions of curing
 t - 2 potions of ambrosia
 v - 3 potions of invisibility
 z - 2 potions of resistance


   Skills:
 + Level 7.2(9.7) Fighting
 + Level 8.2(9.8) Dodging
 - Level 2.0(3.2) Stealth
 + Level 6.8(9.3) Spellcasting
 + Level 9.3(10.9) Conjurations
 * Level 11.6(14.0) Fire Magic


You had 10 spell levels left.
You knew the following spells:

 Your Spells              Type           Power      Damage    Failure   Level
a - Foxfire               Conj/Fire      100%       2x1d9     1%          1
b - Scorch                Fire           100%       2d10      1%          2
c - Conjure Flame         Conj/Fire      60%        6-21      1%          3
d - Inner Flame           Hex/Fire       41%        N/A       1%          3
e - Flame Wave            Conj/Fire      60%        2d12      1%          4
f - Fireball              Conj/Fire      30%        3d13      1%          5

Your spell library contained the following spells:

 Spells                   Type           Power      Damage    Failure   Level
 Iskenderun's Battlesphe  Conj           55%        2d11      1%          5
 Hailstorm                Conj/Ice       35%        3d9       6%          4
 Ensorcelled Hibernation  Hex/Ice        22%        N/A       9%          2
 Spider Form              Tmut/Pois      10%        N/A       21%         3
 Anguish                  Hex/Necr       5%         N/A       52%         4
 Ice Form                 Ice/Tmut       10%        N/A       52%         4
 Orb of Destruction       Conj           27%        9d9       52%         7
 Conjure Ball Lightning   Conj/Air       17%        3x3d6     69%         6
 Simulacrum               Ice/Necr       5%         N/A       100%        6


Dungeon Overview and Level Annotations

Branches:
Dungeon (10/15)            Temple (1/1) D:5            Lair (1/6) D:9
    Orc (0/2) D:9           Sewer (visited)

Altars:
Ashenzari
Cheibriados
Dithmenos
Elyvilon
Fedhas
Gozag
Hepliaklqana
Kikubaaqudgha
Makhleb
Nemelex Xobeh
Okawaru
Qazlal
Ru
Sif Muna
Trog
Uskayaw
Vehumet
Wu Jian
Xom
Yredelemnul
Zin
The Shining One
Beogh

Annotations:
D:5 Ijyb
D:7 exclusions: 2 lemures and vampire, Pikel, Prince Ribbit
D:8 exclusion: yak, Joseph
D:9 1 runed translucent door


Innate Abilities, Weirdness & Mutations

You have a beak for a mouth.
You have claws for feet.
Your magical nature lets you fly swiftly and evasively.
Your mind is acute. (Int +2)


Message History

The foxfire hits the cane toad but does no damage.
The cane toad is moderately wounded.
The cane toad barely misses you.
Casting: Foxfire (safe; 1% risk of failure)
Confirm with . or Enter, or press ? or * to list all spells.
Flames lash the cane toad.
The cane toad is heavily wounded.
The cane toad's fire resistance burns away.
The cane toad completely misses you. The cane toad stings you!
You are poisoned.
The cane toad poisons you!
Casting: Scorch (safe; 1% risk of failure)
Confirm with . or Enter, or press ? or * to list all spells.
Flames lash the cane toad.
The cane toad is burned terribly!
The cane toad is almost dead.
You feel very sick. The cane toad barely misses you.
You feel very sick. The cane toad closely misses you. The cane toad stings you!
Casting: Scorch (safe; 1% risk of failure)
Confirm with . or Enter, or press ? or * to list all spells.
Flames lash the cane toad.
The cane toad is burned terribly!
The cane toad is almost dead.
You feel very sick.
You hear an angry hiss.
The cane toad stings you!
You feel sick.
A water moccasin comes into view.
The cane toad stings you!!
* * * LOW HITPOINT WARNING * * *
Casting: Scorch (safe; 1% risk of failure)
Confirm with . or Enter, or press ? or * to list all spells.
Flames lash the cane toad.
The cane toad is almost dead.
* * * LOW HITPOINT WARNING * * *
You feel very sick. The cane toad stings you!
* * * LOW HITPOINT WARNING * * *
You die...

* * ** ,, * P..,, #.. , ≈≈ ,
, * , #...*, *, , , #...# *
* # * , ##....#* ###..# * ,
* #......#####....... ,,
..S....F.....#....., ,
...†...@.....#..... , , ,
.......#......#.... , , ,
......>+...⌠...)... , ,
####....#........##.
#+####.##....####†......# ,
*#......##...####.##..⌠..#
..##......##...#............
..##......##................
...+.....†#....#...⌠..⌠.>.⌠.


You could see a cane toad (combustible) and a water moccasin.

Vanquished Creatures
  2 hydras (Lair:1)
  A cane toad (Lair:1)
  3 komodo dragons
  An unseen horror (D:10)
  A troll (D:9)
  A hornet (D:10)
  2 shadows (D:10)
  3 wraiths
  A wyvern (D:8)
  A basilisk (Lair:1)
  6 yaks (D:8)
  4 water moccasins
  An acid dragon (D:9)
  2 orc warriors
  A sky beast (D:4)
  A black bear (D:7)
  2 ogres
  6 wolves
  3 centaurs
  A phantom (D:7)
  4 kobold brigands
  6 bullfrogs
  2 scorpions
  4 wights (D:9)
  6 killer bees (D:7)
  An electric eel (D:9)
  5 hounds
  A jelly (D:7)
  12 orc priests
  A gnoll shaman (D:5)
  3 iguanas
  9 orc wizards
  5 gnolls
  5 adders
  3 white imps
  2 ufetubi (D:4)
  4 worms
  4 dart slugs (D:2)
  59 orcs
  4 endoplasms
  6 giant cockroaches
  7 goblins
  7 hobgoblins
  2 jackals (Sewer)
  27 kobolds
  5 quokkas
  6 ball pythons
  5 bats
  2 frilled lizards (D:1)
  4 rats (D:1)
254 creatures vanquished.

Vanquished Creatures (collateral kills)
  2 foxfires
2 creatures vanquished.

Vanquished Creatures (others)
  711 foxfires
  A fungus (Lair:1)
  7 plants (Lair:1)
719 creatures vanquished.

Grand Total: 975 creatures vanquished

Notes
Turn   | Place    | Note
-------+----------+-------------------------------------------
     0 | D:1      | kae the Tengu Fire Elementalist began the quest for the
                  | Orb.
     0 | D:1      | Reached XP level 1. HP: 10/10 MP: 4/4
   250 | D:1      | Reached XP level 2. HP: 15/15 MP: 3/6
  1316 | D:2      | Reached XP level 3. HP: 20/20 MP: 4/7
  1319 | D:2      | Learned a level 2 spell: Scorch
  1323 | D:2      | Learned a level 3 spell: Conjure Flame
  1522 | D:2      | Reached skill level 1 in Fighting
  2221 | D:2      | Reached skill level 4 in Fire Magic
  2599 | D:2      | Reached XP level 4. HP: 25/25 MP: 4/8
  2736 | D:2      | Found a faded altar of an unknown god.
  3242 | D:3      | Found a shimmering blue altar of Sif Muna.
  3536 | D:3      | Found a shimmering altar of Xom.
  3542 | D:3      | Found a hide-covered altar of Uskayaw.
  3544 | D:3      | Found an ancient bone altar of Kikubaaqudgha.
  3544 | D:3      | Found a bloodstained altar of Trog.
  3545 | D:3      | Found a broken altar of Ashenzari.
  4280 | D:4      | Noticed an ogre
  4577 | D:4      | Gained mutation: Your magical nature lets you fly swiftly
                  | and evasively. [Tengu growth]
  4577 | D:4      | Reached XP level 5. HP: 29/29 MP: 4/9
  4670 | D:4      | Killed an ogre
  4815 | D:4      | Reached skill level 5 in Fire Magic
  4815 | D:4      | Reached XP level 6. HP: 21/35 MP: 5/11
  5838 | D:4      | Reached XP level 7. HP: 21/40 MP: 0/12
  5840 | D:4      | Gained mutation: Your mind is acute. (Int +2) [potion of
                  | mutation]
  6328 | D:5      | Entered Level 5 of the Dungeon
  6624 | D:4      | Reached skill level 6 in Fire Magic
  7206 | D:5      | Found a snail-covered altar of Cheibriados.
  7237 | D:5      | Noticed Ijyb
  7615 | D:5      | Identified the ring "Urebyl" {rN+ Str+6 SInv}
  7872 | D:5      | Found a staircase to the Ecumenical Temple.
  8237 | D:6      | Found a glowing drain.
  8253 | Sewer    | Entered a sewer
  8356 | Sewer    | Reached XP level 8. HP: 46/46 MP: 8/14
  8527 | Temple   | Entered the Ecumenical Temple
  8689 | D:3      | Became a worshipper of Ashenzari the Shackled
  9278 | D:6      | Reached skill level 5 in Conjurations
  9390 | D:6      | Found a glowing silver altar of Zin.
  9566 | D:7      | Reached skill level 7 in Fire Magic
  9639 | D:7      | Noticed a vampire
  9700 | D:7      | Noticed Pikel
  9748 | D:7      | Noticed Prince Ribbit
  9779 | D:7      | Found an iron altar of Okawaru.
 10045 | D:6      | Reached skill level 5 in Dodging
 10887 | D:7      | Reached XP level 9. HP: 52/52 MP: 3/16
 11103 | D:7      | Reached skill level 8 in Fire Magic
 12127 | D:8      | Noticed Joseph
 12373 | D:8      | Learned a level 3 spell: Inner Flame
 12378 | D:8      | Learned a level 4 spell: Flame Wave
 12664 | D:8      | Reached skill level 5 in Spellcasting
 12720 | D:8      | Reached skill level 5 in Fighting
 12750 | D:8      | Found an opulent altar of Gozag.
 12963 | D:8      | Reached skill level 9 in Fire Magic
 13394 | D:8      | Reached XP level 10. HP: 51/60 MP: 15/19
 13676 | D:8      | Identified the +2 robe of the Blind Marksman {rC+ Str+3}
 14769 | D:9      | Found a staircase to the Orcish Mines.
 14932 | D:9      | Reached * piety under Ashenzari
 15019 | D:9      | Found a runed translucent door.
 15021 | D:9      | Found a burning altar of Makhleb.
 15021 | D:9      | Noticed a sixfirhy
 15365 | D:9      | Reached skill level 10 in Fire Magic
 15463 | D:9      | Learned a level 5 spell: Fireball
 15961 | D:9      | Found a sacrificial altar of Ru.
 16077 | D:9      | Found a staircase to the Lair.
 16094 | D:9      | Reached ** piety under Ashenzari
 16582 | D:10     | Entered Level 10 of the Dungeon
 16712 | D:10     | Reached *** piety under Ashenzari
 17604 | D:10     | Found a shadowy altar of Dithmenos.
 17645 | D:10     | Noticed an unseen horror
 17648 | D:10     | Killed an unseen horror
 17649 | D:10     | Reached skill level 11 in Fire Magic
 17649 | D:10     | Reached XP level 11. HP: 62/69 MP: 10/24
 18028 | Lair:1   | Entered Level 1 of the Lair of Beasts
 18509 | Lair:1   | Noticed a six-headed hydra
 18518 | Lair:1   | Killed a six-headed hydra
 18947 | Lair:1   | Noticed a five-headed hydra
 18953 | Lair:1   | Killed a five-headed hydra
 18967 | Lair:1   | HP: 1/72 [cane toad (9)]
 18968 | Lair:1   | Succumbed to a cane toad's poison

Illustrated notes

Levels and vault maps discovered:
D:1:      dpeg_arrival_erosion, layout_loops_cross
D:2:      layout_loops_ring, dreamdust_ecumenical_altar_angels_and_demons,
          serial_co_window_serial, co_window_paths_b, co_window_corner_a,
          co_window_corner_a, co_window_corner_a, co_window_paths_a,
          co_window_paths_a, co_window_paths_b, co_window_of_opportunity_a,
          co_window_paths_a, co_window_unsneaky_path_c, co_window_broadway_a,
          co_window_corner_cb, co_window_corner_b, co_window_cross_2,
          co_window_paths_e, co_window_paths_d
D:3:      layout_basic, grunt_temple_overflow_open,
          mainiacjoe_overflow_boulevard, chequers_serial_rivers_small_3
D:4:      nicolae_BIG_FREAKIN_CUBE, layout_basic
D:5:      layout_gridville, mainiacjoe_overflow_catwalk, temple_hall, uniq_ijyb
D:6:      layout_cave_pools, mainiacjoe_overflow_small_starburst,
          portal_sewer_entry_f
D:7:      layout_loops_ring, okawaru_trees_1, uniq_pikel, uniq_prince_ribbit1
D:8:      layout_loops_ring, kennysheep_mini, uniq_joseph
D:9:      layout_grid_maze, overflow_temple_1_default, nzn_makhleb_speed_demon,
          erik_lair_island, david_orc_5
D:10:     layout_grid_maze, nicolae_dithmenos_shadow_blocks
Temple:   dpeg_three_leaves_temple
Lair:1:   layout_regular_city, ebering_ghost_reflecting_pool, grunt_megastairs_3

Skill      XL: |  1  2  3  4  5  6  7  8  9 10 11 |
---------------+----------------------------------+-----
Conjurations   | 2 3 4 5 7 8 9 |  9.3
Fighting       | 1 2 3 4 5 6 7 |  7.2
Fire Magic     | 4 5 6 7 9 11 | 11.6
Dodging        | 3 4 5 6 7 8 |  8.2
Spellcasting   | 3 4 5 6 |  6.8
Stealth        | |  2.0

Action                   |  1- 3 |  4- 6 |  7- 9 | 10-12 || total
-------------------------+-------+-------+-------+-------++-------
Melee: Short sword       |    30 |    20 |    44 |    42 ||   136
       Peck              |     6 |     5 |    10 |     3 ||    24
       Kick              |     7 |     9 |    13 |    11 ||    40
       Punch             |       |     1 |     2 |       ||     3
 Cast: Foxfire           |    62 |    90 |   155 |   125 ||   432
       Scorch            |       |    20 |    68 |    72 ||   160
       Conjure Flame     |       |       |     8 |     2 ||    10
       Fireball          |       |       |       |    16 ||    16
       Flame Wave        |       |       |       |     1 ||     1
Invok: Curse Item        |       |       |     1 |     4 ||     5
Evoke: Wand              |       |       |     1 |       ||     1
  Use: Scroll            |     1 |     5 |    15 |     1 ||    22
       Potion            |     1 |       |     6 |       ||     7
 Stab: Sleeping          |     3 |     1 |       |       ||     4
Armor: Robe              |    10 |    10 |    22 |    35 ||    77
Dodge: Dodged            |    20 |    30 |   152 |   185 ||   387

Table legend: (Time is in decaauts)
 A = Elapsed time spent in this place.
 B = Non-inter-level travel time spent in this place.
 C = Inter-level travel time spent in this place.
 D = Time resting spent in this place.
 E = Time spent auto-exploring this place.
 F = Levels seen in this place.
 G = Mean time per level.
                   A        B        C        D        E       F      G
               +--------+--------+--------+--------+--------+-----+--------+
         Total |  18493 |  17817 |    676 |   3809 |  11738 |  13 | 1422.5 |
       Dungeon |  17284 |  16646 |    638 |   3714 |  10849 |  10 | 1728.4 |
        Temple |     72 |     58 |     14 |      0 |     52 |   1 |   72.0 |
          Lair |    926 |    902 |     24 |     95 |    665 |   1 |  926.0 |
         Sewer |    209 |    209 |      0 |      0 |    171 |   1 |  209.0 |
               +--------+--------+--------+--------+--------+-----+--------+

Top non-repeatable levels by time:
     D:8: 2333 daAuts
     D:9: 2058 daAuts
     D:3: 2051 daAuts
     D:7: 1848 daAuts
     D:2: 1773 daAuts
     D:4: 1654 daAuts
     D:5: 1570 daAuts
    D:10: 1358 daAuts
     D:6: 1329 daAuts
     D:1: 1306 daAuts
  Lair:1: 926 daAuts
   Sewer: 209 daAuts
  Temple: 72 daAuts
